 Dungeon Crawl Stone Soup version 0.31-a0-154-g56bf346678 (webtiles) character file.

Game seed: 10701326891021440195

49 ytrimaz the Grave Robber (level 3, -2/24 HPs)
             Began as a Mummy Necromancer on June 11, 2023.
             Shot with a sling bullet by a goblin (4 damage)
             ... led by Robin
             ... on level 2 of the Dungeon.
             The game lasted 00:02:00 (1380 turns).

ytrimaz the Grave Robber (Mummy Necromancer)        Turns: 1380, Time: 00:02:01

Health: -2/24      AC:  2    Str: 11    XL:     3   Next: 51%
Magic:  0/8        EV: 12    Int: 16    God:
Gold:   29         SH:  0    Dex: 12    Spells: 6/10 levels left

rFire   x . .        (no weapon)
rCold   + . .        (no shield)
rNeg    + + +        a - +0 robe
rPois   ∞            (no helmet)
rElec   .            (no cloak)
rCorr   .            (no gloves)
SInv    .            (no boots)
Will    .....        (no amulet)
Stlth   ++           (no ring)
HPRegen 0.24/turn    (no ring)
MPRegen 0.11/turn

%: faith
@: no status effects
A: cold resistance 1, negative energy resistance 3, torment resistance 2, heat
vulnerability 1, in touch with death 1, no potions, faith
a: no special abilities


You were on level 2 of the Dungeon.
You visited 1 branch of the dungeon, and saw 2 of its levels.

You collected 29 gold pieces.


Innate Abilities, Weirdness & Mutations

You are immune to poison.
Your flesh is cold resistant. (rC+)
You are immune to negative energy. (rN+++)
You are immune to unholy pain and torment.
You are vulnerable to heat. (rF-)
You are in touch with the powers of death.
You do not drink.
You have a special connection with the divine. (Faith)


   Skills:
 - Level 1.5 Dodging
 - Level 1.5 Stealth
 * Level 4.3 Spellcasting
 + Level 4.4 Necromancy


You had 6 spell levels left.
You knew the following spells:

 Your Spells              Type           Power      Damage    Failure   Level
a - Necrotise             Necr           100%       1d9       2%          1
b - Vampiric Draining     Necr           26%        2d7       8%          3

Your spell library contained the following spells:

 Spells                   Type           Power      Damage    Failure   Level
 Animate Dead             Necr           26%        N/A       26%         4
 Ignite Poison            Fire/Tmut/Pois 3%         N/A       45%         3
 Stone Arrow              Conj/Erth      6%         3d7       45%         3
 Agony                    Necr           26%        N/A       58%         5
 Animate Armour           Summ/Erth      6%         N/A       86%         4
 Sticky Flame             Conj/Fire      3%         2d3       86%         4
 Ignition                 Fire           1%         3d3       100%        8
 Lehudib's Crystal Spear  Conj/Erth      1%         10d2      100%        8

Inventory:

Armour
 a - a +0 robe (worn)
Scrolls
 e - a scroll of enchant weapon

Dungeon Overview and Level Annotations

Branches:
Dungeon (2/15) Zot: 10617

Altars:

Annotations:
D:2 Robin

#.)gg.g.g...§§§§§
####.###############
#............# #
#...........!# #$
#............# #.
###.##.......# #.
###8g8#.......# #.
#.g.Z.........# #.
#####.#8@8#.......######.
#<)†..##.#########.....##
########g####..g........#
#...gg.####.......
####..## #....... #.##
######## #.# #.# ...


You could see Robin (unaware, ally target), 2 goblins and a friendly goblin
skeleton.


Message History

Press: ? - help, Shift-Dir - straight line, f - Robin
Aim: Robin, wielding a +0 dagger, wearing a +0 animal skin and wearing a +0 helmet (ally target)
You feel a surge of power!
You draw life force from Robin!
You feel life coursing into your body.
Your goblin skeleton barely misses Robin.
Robin barely misses you. 😎 HP[+4] MP[-3]
Your hp is fully restored (24).
You lost 3 mp, and now have 2/8 mp.
Unknown command.
Aiming: Necrotise (safe; 2% risk of failure)
Press: ? - help, Q - select action Shift-Dir - straight line, f/p - Robin
Aim: Robin, wielding a +0 dagger, wearing a +0 animal skin and wearing a +0 helmet (heavily wounded, ally target, chance to affect: 88%)
You feel a surge of power!
Robin writhes in agony.
Your goblin skeleton hits Robin but does no damage.
Robin closely misses you. 😎 MP[-1]
You lost 1 mp, and now have 1/8 mp.
Aiming: Necrotise (safe; 2% risk of failure)
Press: ? - help, Q - select action Shift-Dir - straight line, f/p - Robin
Aim: Robin, wielding a +0 dagger, wearing a +0 animal skin and wearing a +0 helmet (almost dead, ally target, chance to affect: 88%)
You feel a surge of power!
Robin barely resists.
Your hobgoblin skeleton crumbles into dust!
Robin throws the goblin at you!
The goblin closely misses you. 😕 HP[-2] MP[-1]
You take 2 damage, and now have 22/24 hp.
You lost 1 mp, and now have 0/8 mp.
Unknown command.
The goblin attacks as you move away! The goblin closely misses you.
Robin attacks as you move away! Robin completely misses you.
Your goblin skeleton barely misses Robin.
Robin roars a battlecry!
The goblin goes into a battle-frenzy! 😕 MP[+1]
Your goblin skeleton barely misses Robin.
Robin throws the goblin at you! 😕 HP[+1]
What are your orders? t - Shout!
Orders for allies: a - Attack new target. p - Attack previous target. r - Retreat! s - Stop attacking. g - Guard the area. f - Follow me.
Anything else - Cancel.
Gang up on whom?
Press: ? - help, Dir - move target, f/p - Robin
Aim: Robin, wielding a +0 dagger, wearing a +0 animal skin and wearing a +0 helmet (almost dead, ally target) Attack!
Your goblin skeleton barely misses Robin.
The goblin misses you. The goblin closely misses you.
Unknown command.
You barely miss the goblin. The goblin hits you with a +0 dagger.
Your goblin skeleton closely misses Robin.
The goblin closely misses you.
Robin barely misses your goblin skeleton. 😕 HP[-3]
You take 3 damage, and now have 20/24 hp.
You hit the goblin.
Your goblin skeleton hits Robin but does no damage.
The goblin hits you with a +0 dagger. The goblin barely misses you. 😮 HP[-5]
You take 5 damage, and now have 15/24 hp.
MASSIVE DAMAGE!! (PAUSE)
Aiming: Necrotise (safe; 2% risk of failure)
Press: ? - help, Q - select action Shift-Dir - straight line, f/p - Robin
Aim: Robin, wielding a +0 dagger, wearing a +0 animal skin and wearing a +0 helmet (almost dead, ally target, chance to affect: 88%)
You feel a surge of power!
The goblin writhes in agony.
Your goblin skeleton barely misses Robin. x2
The goblin hits you with a +0 club.
* * * LOW HITPOINT WARNING * * *
The goblin hits you with a +0 dagger.
* * * LOW HITPOINT WARNING * * *
😨 HP[-5] MP[-1]
You take 5 damage, and now have 10/24 hp.
MASSIVE DAMAGE!! (PAUSE)
You lost 1 mp, and now have 0/8 mp.
You barely miss the goblin.
The goblin no longer looks unusually strong.
Your goblin skeleton closely misses Robin.
Your goblin skeleton hits Robin but does no damage.
The goblin hits you with a +0 dagger.
* * * LOW HITPOINT WARNING * * *
The goblin barely misses you.
Robin hits your goblin skeleton with a +0 dagger. 😱 HP[-5]
You take 5 damage, and now have 5/24 hp.
MASSIVE DAMAGE!! (PAUSE)
You hit the goblin.
You kill the goblin!
Your goblin skeleton hits Robin but does no damage.
The goblin hits you with a +0 dagger.
* * * LOW HITPOINT WARNING * * *
Robin throws the goblin at your goblin skeleton!
Your goblin skeleton hits Robin but does no damage. 😱 HP[-3]
You take 3 damage, and now have 2/24 hp.
Unknown command.
The goblin attacks as you move away! The goblin hits you but does no damage.
Your goblin skeleton crumbles into dust!
The goblin unwields a +0 club.
The goblin wields a +0 sling.
The goblin shoots a sling bullet.
The sling bullet hits you.
You die...

Skill      XL: |  1  2  3 |
---------------+----------+-----
Spellcasting   | 3 4 |  4.3
Dodging        | |  1.5
Stealth        | |  1.5
Necromancy     | |  4.4

Action                     || total
---------------------------++-------
  Melee: Unarmed           ||    28
   Cast: Necrotise         ||    53
         Vampiric Draining ||     2
    Use: Scroll            ||     5
 Armour: Robe              ||    16
  Dodge: Dodged            ||    80

Levels and vault maps discovered:
D:1:      sevenhm_arrival_forest_fort_small_6, layout_loops_ring,
          minmay_misc_feat_roman
D:2:      layout_basic, kennysheep_nub, small_statue_intersection,
          kennysheep_another_room, serial_bayou_pond_a, uniq_jessica, uniq_robin

Notes
Turn   | Place    | Note
-------+----------+-------------------------------------------
     0 | D:1      | ytrimaz the Mummy Necromancer began the quest for the Orb.
     0 | D:1      | Reached XP level 1. HP: 13/13 MP: 4/4
     0 | D:1      | magus.rc [v1.9.6]
   151 | D:1      | Reached skill level 3 in Spellcasting
   258 | D:1      | Reached XP level 2. HP: 17/19 MP: 0/6
   369 | D:1      | You pick up a book of Armaments and begin reading...
   369 | D:1      | You add the spells Stone Arrow, Animate Armour and
                  | Lehudib's Crystal Spear to your library.
  1114 | D:2      | Gained mutation: You are in touch with the powers of death.
                  | [Mummy growth]
  1114 | D:2      | Reached XP level 3. HP: 24/24 MP: 4/8
  1118 | D:2      | Learned a level 3 spell: Vampiric Draining
  1157 | D:2      | Reached skill level 4 in Spellcasting
  1158 | D:2      | You add the spells Ignite Poison, Sticky Flame and Ignition
                  | to your library.
  1210 | D:2      | Noticed Robin
  1252 | D:2      | HP: 5/24 [adder (3)]
  1267 | D:2      | HP: 6/24 [adder (3)]
  1378 | D:2      | HP: 5/24 [goblin/+0 dagger[Robin] (5)]
  1379 | D:2      | HP: 2/24 [goblin/+0 dagger[Robin] (3)]
  1380 | D:2      | Shot with a sling bullet by a goblin

Vanquished Creatures
  2 adders
  An endoplasm (D:1)
  6 goblins
  5 hobgoblins
  2 jackals (D:1)
  A kobold (D:1)
  3 ball pythons (D:1)
  2 bats
  4 rats (D:1)
26 creatures vanquished.

Vanquished Creatures (collateral kills)
  A kobold (D:1)
  A quokka (D:1)
2 creatures vanquished.

Grand Total: 28 creatures vanquished

Table legend:
 A = Non-vault XP
 B = Vault XP
 C = Vault XP percentage of total XP
 D = Non-vault monster count
 E = Vault monster count
 F = Vault count percentage of total count
                 A         B        C        D         E       F
            +---------+---------+-------+---------+---------+-------
      Total |      56 |      14 |  20.0 |      21 |       7 |  25.0
            +---------+---------+-------+---------+---------+-------
        D:1 |      41 |       2 |   4.7 |      19 |       1 |   5.0
        D:2 |      15 |      12 |  44.4 |       2 |       6 |  75.0
            +---------+---------+-------+---------+---------+-------

Skill      XL: |  1  2  3 |
---------------+----------+-----
Spellcasting   | 3 4 |  4.3
Dodging        | |  1.5
Stealth        | |  1.5
Necromancy     | |  4.4

Action                     || total
---------------------------++-------
  Melee: Unarmed           ||    28
   Cast: Necrotise         ||    53
         Vampiric Draining ||     2
    Use: Scroll            ||     5
 Armour: Robe              ||    16
  Dodge: Dodged            ||    80

Illustrated notes

Table legend:
 A = Kills in this place as a percentage of kills in the entire game.
 B = Kills by you in this place as a percentage of kills by you in the entire game.
 C = Kills by friends in this place as a percentage of kills by friends in the entire game.
 D = Other kills in this place as a percentage of other kills in the entire game.
 E = Experience gained in this place as a percentage of experience gained in the entire game.
 F = Experience gained in this place divided by the number of levels of this place that you have seen.
                   A       B       C       D       E      F
               +-------+-------+-------+-------+-------+----------------------
         Total | 100.0 | 100.0 | 100.0 |   N/A | 100.0 |  35.0
       Dungeon | 100.0 | 100.0 | 100.0 |   N/A | 100.0 |  35.0
               +-------+-------+-------+-------+-------+----------------------

Table legend: (Time is in decaauts)
 A = Elapsed time spent in this place.
 B = Non-inter-level travel time spent in this place.
 C = Inter-level travel time spent in this place.
 D = Time resting spent in this place.
 E = Time spent auto-exploring this place.
 F = Levels seen in this place.
 G = Mean time per level.
                   A        B        C        D        E       F      G
               +--------+--------+--------+--------+--------+-----+--------+
         Total |   1381 |   1369 |     12 |     69 |   1060 |   2 |  690.5 |
       Dungeon |   1381 |   1369 |     12 |     69 |   1060 |   2 |  690.5 |
               +--------+--------+--------+--------+--------+-----+--------+

Top non-repeatable levels by time:
     D:1: 1177 daAuts
     D:2: 204 daAuts
